 Dungeon Crawl Stone Soup version 0.16.1-30-g34a7ffa (webtiles) character file.

21 Yawgmoth the Magician (level 2, -1/19 HPs)
             Began as a Mummy Wizard on June 18, 2015.
             Slain by a worm (10 damage)
             ... on level 1 of the Dungeon.
             The game lasted 00:04:44 (1212 turns).

Yawgmoth the Magician (Mummy Wizard)                Turns: 1212, Time: 00:04:45

Health: -1/19      AC:  3    Str: 10    XL:     2   Next: 62%
Magic:  0/6        EV: 12    Int: 17    God:
Gold:   32         SH:  0    Dex: 10    Spells: 1 memorised, 7 levels left

rFire  . . .     SeeInvis .     h - +0 spear
rCold  . . .     Clarity  .     a - +0 robe
rNeg   + + +     SustAb   .     (no shield)
rPois  ∞         Gourm    .     b - +0 hat
rElec  .         Spirit   .     f - +0 cloak
rCorr  .         Warding  .     (no gloves)
rMut   .         Stasis   .     (no boots)
MR     .....                    (no amulet)
Stlth  ++........               (no ring)
                                e - ring of fire

@: very slightly contaminated, not resistant to hostile enchantments, unstealthy
A: no food or potions, fire vulnerability, restore body, cold resistance 1,
negative energy resistance 3, poison resistance, torment resistance, unbreathing
a: no special abilities


You were on level 1 of the Dungeon.
You were not hungry.

You visited 1 branch of the dungeon, and saw 2 of its levels.

You collected 32 gold pieces.

Inventory:

Hand weapons
 h - a +0 spear (weapon)
Missiles
 i - 2 javelins (quivered)
Armour
 a - a +0 robe (worn)
 b - a +0 hat (worn)
 f - a +0 cloak (worn)
Jewellery
 e - a ring of fire (left hand)
Scrolls
 d - a scroll of noise {unknown}
 g - a scroll of blinking {unknown}
 j - a scroll of amnesia {unknown}
 k - a scroll of remove curse {unknown}
 l - a scroll of teleportation {unknown}
Books
 c - a book of Minor Magic

   Spells                             Type                      Level
   a - Magic Dart                     Conjuration                  1
   b - Blink                          Translocation                2
   c - Call Imp                       Summoning                    2
   d - Repel Missiles                 Charms/Air                   2
   e - Slow                           Hexes                        2
   f - Conjure Flame                  Conjuration/Fire             3
   g - Mephitic Cloud                 Conjuration/Poison/Air       3


   Skills:
 - Level 1.9 Dodging
 - Level 1.7 Stealth
 + Level 3.5 Spellcasting
 + Level 0.8 Conjurations
   Level 0.7 Summonings
   Level 0.7 Translocations


You had 7 spell levels left.
You knew the following spells:

 Your Spells              Type           Power        Failure   Level  Hunger
a - Magic Dart            Conj           #...         14%         1    N/A

Dungeon Overview and Level Annotations

Branches:
Dungeon (2/15)

Altars:


Innate Abilities, Weirdness & Mutations

You do not eat or drink.
Your flesh is vulnerable to fire.
Your flesh is cold resistant.
You are immune to negative energy.
Your system is resistant to poisons.
You are immune to unholy pain and torment.
You can survive without breathing.


Message History

The worm is moderately wounded.
The worm bites you.
You hit the worm.
The worm is moderately wounded.
The worm completely misses you.
You barely miss the worm.
The worm is moderately wounded.
Casting: Magic Dart
Confirm with . or Enter, or press ? or * to list all spells.
Aiming: Magic Dart
Press: ? - help, Shift-Dir - straight line, f/p - worm
Aim: a worm (moderately wounded)
The magic dart hits the worm.
The worm is heavily wounded.
The worm bites you.
You climb upwards.
There is a stone staircase leading down here.
The worm bites you!
Ouch! That really hurt!
You die...

..#....!#...#.###.#...##.#
..#.....#####..##.#...##.#
..#.....######.##.######.########
..#.............#.# #.........
..###.(.........#.# #.........
..###...........#.######.[.......
.......................'.........
######...........w######.........
##########.@># #......... #.#.#
#......... ###### #)#.#
########## .....# #.#g#### ####.#
##..##..## ####.# ##........##
.....########....†.....#
................>).....#
############.#........##


You could see a worm and a hobgoblin.

Vanquished Creatures
  4 goblins (D:1)
  2 hobgoblins (D:1)
  7 kobolds (D:1)
  2 bats (D:1)
  2 giant newts
  4 rats (D:1)
21 creatures vanquished.

Notes
Turn   | Place    | Note
--------------------------------------------------------------
     0 | D:1      | Yawgmoth, the Mummy Wizard, began the quest for the Orb.
     0 | D:1      | Reached XP level 1. HP: 13/13 MP: 4/4
     8 | D:1      | Noticed an anaconda
    10 | D:1      | Noticed a worker ant
    10 | D:1      | Noticed a wolf
   395 | D:1      | Reached XP level 2. HP: 19/19 MP: 0/6
  1212 | D:1      | Slain by a worm

Action                   || total
-------------------------++-------
Melee: Dagger            ||     8
       Spear             ||    49
 Cast: Magic Dart        ||    27
